 Dungeon Sprint DCSS version 0.27.1-33-g824d729ab1 (webtiles) character file.

Game seed: 394543567019219369

434 manyhoops the Impaler (level 7, 0/85 HPs)
             Began as a Merfolk Gladiator on Nov 24, 2021.
             Was an Initiate of Qazlal.
             Slain by Sonja (19 damage)
             ... in the Dungeon (Sprint I: "Red Sonja").
             The game lasted 00:02:50 (1140 turns).

manyhoops the Impaler (Merfolk Gladiator)           Turns: 1140, Time: 00:02:50

Health: 0/85       AC:  5    Str: 14    XL:     7   Next: 0%
Magic:  7/7        EV: 17    Int:  7    God:    Qazlal [......]
Gold:   256        SH:  0    Dex: 18    Spells: 6/6 levels left

rFire    + . .     SeeInvis .   a - +0 trident
rCold    . . .     Faith    .   (no shield)
rNeg     . . .     Spirit   .   l - +1 leather armour {rF+}
rPois    .         Reflect  .   c - +0 helmet
rElec    .         Harm     .   (no cloak)
rCorr    .         Rampage  .   (no gloves)
Will     .....     NoTele   +   (no boots)
Stlth    ..........             (no amulet)
HPRegen  0.24/turn              (no ring)
MPRegen  0.10/turn              (no ring)

@: berserking, very quick
A: (nimble swimmer 2), mertail
a: Renounce Religion


You were in the Dungeon.
You worshipped Qazlal.
Qazlal was noncommittal.
You visited 1 branch You collected 308 gold pieces.
You spent 52 gold pieces at shops.

Inventory:

Hand Weapons
 a - a +0 trident (weapon)
Armour
 b - a +0 leather armour
 c - a +0 helmet (worn)
 l - a +1 leather armour of fire resistance (worn)
Scrolls
 e - a scroll of enchant armour {unknown}
 j - a scroll of blinking
Potions
 f - a potion of heal wounds
 g - a potion of haste
 h - 2 potions of magic
 k - a potion of lignification {unknown}


   Skills:
 + Level 5.8 Fighting
 - Level 15.4 Polearms
 - Level 2.0 Throwing
 - Level 2.8 Armour
 + Level 9.3 Dodging


You had 6 spell levels left.
You didn't know any spells.
Your spell library was empty.

Dungeon Overview and Level Annotations

Branches:
Dungeon (1/1)

Altars:
Cheibriados
Dithmenos
Elyvilon
Fedhas
Gozag
Hepliaklqana
Kikubaaqudgha
Nemelex Xobeh
Okawaru
Qazlal
Ru
Sif Muna
Trog
Uskayaw
Vehumet
Wu Jian
Yredelemnul
Zin
The Shining One

Shops:
D (

Annotations:
D Sonja


Innate Abilities, Weirdness & Mutations

((You are quick and stealthy near water. (Stealth+, EV+, Speed+++)))
Your lower body shifts to a powerful aquatic tail in water.


Message History

Aim: Sonja, wielding a +0 dagger of distortion and quivering curare-tipped darts (18% to hit, chance to blind on hit: 22%)
You throw an atropa-tipped dart.
The atropa-tipped dart completely misses Sonja.
Sonja closely misses you. Sonja misses you. Sonja hits you but does no damage.
Space bends around you.
Throw: dart (atropa)
Press: ? - help, Q - select action Shift-Dir - straight line, f/p - Sonja
Aim: Sonja, wielding a +0 dagger of distortion and quivering curare-tipped darts (18% to hit, chance to blind on hit: 22%)
You throw an atropa-tipped dart.
The atropa-tipped dart closely misses Sonja.
Sonja gestures wildly while chanting.
Sonja blinks!
Unknown command.
You see here 27 gold pieces.
A red film seems to cover your vision as you go berserk!
You feel yourself moving faster!
You feel mighty!
You feel a strong urge to attack something.
Sonja throws a curare-tipped dart.
The curare-tipped dart closely misses you.
Reach: a) +0 trident
Press: ? - help, Dir - move target, f/p - Sonja
Aim: Sonja, wielding a +0 dagger of distortion and quivering curare-tipped darts (about 70% to evade your +0 trident)
You reach to attack!
You miss Sonja.
Reach: a) +0 trident
Press: ? - help, Dir - move target, f/p - Sonja
Aim: Sonja, wielding a +0 dagger of distortion and quivering curare-tipped darts (about 70% to evade your +0 trident)
You reach to attack!
You barely miss Sonja.
Reach: a) +0 trident
Press: ? - help, Dir - move target, f/p - Sonja
Aim: Sonja, wielding a +0 dagger of distortion and quivering curare-tipped darts (about 70% to evade your +0 trident)
You miss Sonja. You puncture Sonja!
Sonja is moderately wounded.
Sonja hits you with a +0 dagger of distortion.
Space warps horribly around you!
* * * LOW HITPOINT WARNING * * *
Sonja hits you with a +0 dagger of distortion.
* * * LOW HITPOINT WARNING * * *
Space warps horribly around you!!
You die...

#..').#..').#..+
#..#####'#####'#
#..####..#...#.#
#..#__####..##.#
#..#_____##'#_.+
#⌠⌠#_.∩...'((._#
####_..__##_.#+#
#_____###K#
#########@##
+(.$+ #$.$#
##.## #+#


You could see Sonja.

Vanquished Creatures
  Sigmund (D)
  A yak (D)
  An ogre (D)
  A jelly (D)
  Ijyb (D)
5 creatures vanquished.

Vanquished Creatures (others)
  A merfolk siren (D)
  3 hornets (D)
4 creatures vanquished.

Grand Total: 9 creatures vanquished

Notes
Turn   | Place    | Note
-------+----------+-------------------------------------------
     0 | D        | manyhoops the Merfolk Gladiator began the quest for the
                  | Orb.
     0 | D        | Reached XP level 1. HP: 16/16 MP: 1/1
     4 | D        | Noticed Ijyb
    22 | D        | Killed Ijyb
    23 | D        | Reached skill level 6 in Polearms
    23 | D        | Reached skill level 5 in Dodging
    23 | D        | Reached XP level 2. HP: 7/24 MP: 2/2
    23 | D        | Reached XP level 3. HP: 9/29 MP: 3/3
   356 | D        | Noticed an ogre
   364 | D        | Killed an ogre
   365 | D        | Reached skill level 9 in Polearms
   365 | D        | Reached skill level 1 in Armour
   365 | D        | Reached XP level 4. HP: 38/38 MP: 4/4
   377 | D        | Noticed Sigmund
   390 | D        | Killed Sigmund
   391 | D        | Reached skill level 5 in Fighting
   391 | D        | Reached skill level 12 in Polearms
   391 | D        | Reached XP level 5. HP: 24/46 MP: 5/5
   391 | D        | Reached XP level 6. HP: 27/52 MP: 6/6
   554 | D        | Found a shimmering blue altar of Sif Muna.
   555 | D        | Found an ornate altar of the Wu Jian Council.
   556 | D        | Found a radiant altar of Vehumet.
   561 | D        | Reached skill level 13 in Polearms
   673 | D        | Killed a hornet
   684 | D        | Found Jyfy's Weapon Emporium.
   684 | D        | Found an ancient bone altar of Kikubaaqudgha.
   684 | D        | Found a hazy altar of Hepliaklqana.
   684 | D        | Found a stormy altar of Qazlal.
   684 | D        | Found a hide-covered altar of Uskayaw.
   684 | D        | Found a blossoming altar of Fedhas.
   684 | D        | Found a bloodstained altar of Trog.
   684 | D        | Found an iron altar of Okawaru.
   684 | D        | Found a basalt altar of Yredelemnul.
   684 | D        | Found a glowing golden altar of the Shining One.
   684 | D        | Found a snail-covered altar of Cheibriados.
   684 | D        | Found a sacrificial altar of Ru.
   684 | D        | Found a glowing silver altar of Zin.
   684 | D        | Found a shadowy altar of Dithmenos.
   684 | D        | Found a white marble altar of Elyvilon.
   684 | D        | Noticed a yak
   695 | D        | Killed a yak
   696 | D        | Reached skill level 15 in Polearms
   696 | D        | Reached XP level 7. HP: 35/57 MP: 7/7
   696 | D        | Found an opulent altar of Gozag.
   697 | D        | Found a sparkling altar of Nemelex Xobeh.
   818 | D        | Became a worshipper of Qazlal Stormbringer
  1001 | D        | Killed a hornet
  1023 | D        | Killed a hornet
  1027 | D        | Killed a merfolk siren
  1120 | D        | Bought a throwing net for 33 gold pieces
  1120 | D        | Bought 3 atropa-tipped darts for 19 gold pieces
  1125 | D        | Noticed Sonja
  1140 | D        | Slain by Sonja

Illustrated notes

Levels and vault maps discovered:
D:        dungeon_sprint_1 [red_sonja_temple_1, red_sonja_temple_small_1]

Skill      XL: |  1  2  3  4  5  6 |
---------------+-------------------+-----
Fighting       | 3 4 5 |  5.8
Polearms       | 6 9 12 15 | 15.4
Dodging        | 5 7 9 |  9.3
Armour         | 1 2 |  2.8
Throwing       | |  2.0

Action                   |  1- 3 |  4- 6 |  7- 9 || total
-------------------------+-------+-------+-------++-------
Melee: Trident           |    21 |    26 |     5 ||    52
Throw: Throwing net      |     2 |       |     2 ||     4
       Dart              |       |       |     3 ||     3
  Use: Potion            |       |     1 |     1 ||     2
 Stab: Sleeping          |       |     1 |       ||     1
Armor: Leather armour    |       |       |     1 ||     1
Dodge: Dodged            |     7 |     6 |     3 ||    16
